HSSL
MOUNTAIN POINTE HS @ TEMISKAMING DISTRICT SECONDARY SCHOOL SAINTS
04/05/2024
 
TOP OF THE 1ST
Mountain Pointe HS batting - Pitching for Temiskaming District Secondary School Saints : RHP Billy Corbett
Pitching: RHP Billy Corbett
Batting: RHB Ben Wilson 0-0: Ball
1-0: Ball
2-0: Called Strike
2-1: Ball
3-1: TRIPLE (Line Drive, 8LM)
Batting: RHB John Howell 0-0: Ball
1-0: Ball
2-0: Ball
3-0: Called Strike
3-1: Base on Balls
Batting: RHB Jamie Swyers 0-0: SINGLE (Flyball, 9LS)
Ben Wilson scores
John Howell to second
Runner from 2nd tries for 3rd, SAFE, throw made to third
Jamie Swyers to second
Batting: RHB Troy Legge 0-0: Called Strike
0-1: Ball
1-1: Ball
2-1: Ball
3-1: Foul Ball, location: 2F
3-2: Base on Balls
Batting: LHB Brian Turner 0-0: Ball
1-0: Called Strike
1-1: Foul Ball, location: 2F
1-2: Foul Ball, location: 2F
1-2: Foul Ball, location: 2F
1-2: Ball
2-2: SINGLE (Flyball, 89S)
John Howell scores
Jamie Swyers to third
Troy Legge to second
Runner from 3rd tries for Home, SAFE, no throw or cutoff
Batting: RHB Jon Newsome 0-0: Foul Ball, location: 2F
0-1: Foul Ball, location: 2F
0-2: Strikes out swinging
Batting: RHB Monty Crawford 0-0: Called Strike
0-1: Foul Ball, location: 2F
0-2: Strikes out swinging
Batting: RHB Marshall Gross 0-0: Foul Ball, location: 2F
0-1: Swinging Strike
0-2: Foul Ball, location: 2F
0-2: Ball
1-2: Strikes out swinging
Top of the 1st over - 3 run(s), 3 hit(s), 0 error(s), 2 left on base; Mountain Pointe HS 3 - Temiskaming District Secondary School 0
BOTTOM OF THE 1ST
Temiskaming District Secondary School Saints batting - Pitching for Mountain Pointe HS : LHP Phil Sims
Pitching: LHP Phil Sims
Batting: RHB George Gardner 0-0: Called Strike
0-1: Ball
1-1: Foul Ball, location: 2F
1-2: SINGLE (Line Drive, 34D)
Batting: RHB Bob Ferguson 0-0: Ball
George Gardner steals 2nd base
1-0: Ball
2-0: Ball
3-0: Base on Balls
Batting: RHB Fred Moulds 0-0: Foul Ball, location: 2F
0-1: Ball
1-1: Swinging Strike
1-2: Foul Ball, location: 2F
1-2: Ball
2-2: SINGLE (Flyball, 7LS)
George Gardner to third
Bob Ferguson to second
Batting: RHB Orlando González 0-0: Ball
1-0: Ball
2-0: Ball
3-0: Called Strike
3-1: Base on Balls
George Gardner scores
Bob Ferguson to third
Fred Moulds to second
Batting: RHB Juan Encarnación 0-0: Swinging Strike
0-1: Swinging Strike
0-2: Foul Ball, location: 2F
0-2: Strikes out swinging
Batting: RHB Víctor Pérez 0-0: Foul Ball, location: 2F
0-1: Ball
1-1: DOUBLE (Flyball, 8RS)
Bob Ferguson scores
Fred Moulds scores
Orlando González to third
Runner from 3rd tries for Home, SAFE, throw made home
Batting: RHB Glen French 0-0: Called Strike
0-1: Fly out, F4 (Line Drive, 4)
Batting: LHB Mike O'Bryan 0-0: Called Strike
0-1: Ground out 4-3 (Groundball, 4)
Bottom of the 1st over - 4 run(s), 3 hit(s), 0 error(s), 1 left on base; Mountain Pointe HS 3 - Temiskaming District Secondary School 4
TOP OF THE 2ND
Mountain Pointe HS batting - Pitching for Temiskaming District Secondary School Saints : RHP Billy Corbett
Batting: RHB Ted Williamson 0-0: Ball
1-0: Called Strike
1-1: Called Strike
1-2: Foul Ball, location: 2F
1-2: Strikes out swinging
Batting: RHB Ben Wilson 0-0: Ball
1-0: Ball
2-0: Called Strike
2-1: Foul Ball, location: 2F
2-2: Ground out 6-3 (Groundball, 6)
Batting: RHB John Howell 0-0: Foul Ball, location: 2F
0-1: Foul Ball, location: 2F
0-2: Ball
1-2: Foul Ball, location: 2F
1-2: Foul Ball, location: 2F
1-2: Ball
2-2: Ball
3-2: Foul Ball, location: 2F
3-2: Base on Balls
Batting: RHB Jamie Swyers 0-0: Ball
1-0: Called Strike
1-1: Ball
2-1: Foul Ball, location: 2F
2-2: Ball
3-2: Strikes out looking
Top of the 2nd over - 0 run(s), 0 hit(s), 0 error(s), 1 left on base; Mountain Pointe HS 3 - Temiskaming District Secondary School 4
BOTTOM OF THE 2ND
Temiskaming District Secondary School Saints batting - Pitching for Mountain Pointe HS : LHP Phil Sims
Batting: SHB Stanley Ryan 0-0: Ball
1-0: Fly out, F8 (Flyball, 89S)
Batting: RHB George Gardner 0-0: Called Strike
0-1: Ground out 6-3 (Groundball, 6)
Batting: RHB Bob Ferguson 0-0: Called Strike
0-1: Fly out, F8 (Flyball, 8LM)
Bottom of the 2nd over - 0 run(s), 0 hit(s), 0 error(s), 0 left on base; Mountain Pointe HS 3 - Temiskaming District Secondary School 4
TOP OF THE 3RD
Mountain Pointe HS batting - Pitching for Temiskaming District Secondary School Saints : RHP Billy Corbett
Batting: RHB Troy Legge 0-0: Ball
1-0: Ground out 6-3 (Groundball, 6)
Batting: LHB Brian Turner 0-0: Called Strike
0-1: Reached on Error, E8 (Flyball, 8RM)
Batting: RHB Jon Newsome 0-0: Ball
1-0: Ball
Brian Turner steals 2nd base
2-0: Ground out 6-3 (Groundball, 6)
Batting: RHB Monty Crawford 0-0: Ball
1-0: Ball
2-0: Fly out, F8 (Popup, 4MD)
Top of the 3rd over - 0 run(s), 0 hit(s), 1 error(s), 1 left on base; Mountain Pointe HS 3 - Temiskaming District Secondary School 4
BOTTOM OF THE 3RD
Temiskaming District Secondary School Saints batting - Pitching for Mountain Pointe HS : LHP Phil Sims
Batting: RHB Fred Moulds 0-0: Foul Ball, location: 2F
0-1: Ball
1-1: Foul Ball, location: 2F
1-2: Strikes out looking
Batting: RHB Orlando González 0-0: Ball
1-0: Swinging Strike
1-1: Foul Ball, location: 2F
1-2: Ball
2-2: Ground out 6-3 (Groundball, 6)
Batting: RHB Juan Encarnación 0-0: Ball
1-0: Ball
2-0: Ball
3-0: Called Strike
3-1: Base on Balls
Batting: RHB Víctor Pérez 0-0: Called Strike
0-1: Ball
1-1: Ball
2-1: SINGLE (Line Drive, 9S)
Juan Encarnación to second
Batting: RHB Glen French 0-0: Called Strike
0-1: Fly out, F9 (Flyball, 9M)
Bottom of the 3rd over - 0 run(s), 1 hit(s), 0 error(s), 2 left on base; Mountain Pointe HS 3 - Temiskaming District Secondary School 4
TOP OF THE 4TH
Mountain Pointe HS batting - Pitching for Temiskaming District Secondary School Saints : RHP Billy Corbett
Batting: RHB Marshall Gross 0-0: Ball
1-0: Ball
2-0: Ball
3-0: Base on Balls
Batting: RHB Ted Williamson 0-0: Ball
1-0: Ball
2-0: Foul Ball, location: 2F
2-1: Swinging Strike
2-2: Ball
3-2: SINGLE (Line Drive, 56D)
Marshall Gross to second
Pitching: LHP David Rodríguez
Batting: RHB Ben Wilson 0-0: Ball
1-0: DOUBLE (Line Drive, 89M)
Marshall Gross scores
Ted Williamson to third
Batting: RHB John Howell 0-0: Ball
1-0: Called Strike
1-1: Ball
2-1: Foul Ball, location: 2F
2-2: Ball
3-2: Strikes out swinging
Batting: RHB Jamie Swyers 0-0: Ball
1-0: Foul Ball, location: 2F
1-1: Ball
2-1: Ground out 5-3 (Groundball, 56)
Ted Williamson scores
Batting: RHB Troy Legge 0-0: Swinging Strike
0-1: Swinging Strike
0-2: Ball
1-2: Strikes out swinging
Top of the 4th over - 2 run(s), 2 hit(s), 0 error(s), 1 left on base; Mountain Pointe HS 5 - Temiskaming District Secondary School 4
BOTTOM OF THE 4TH
Temiskaming District Secondary School Saints batting - Pitching for Mountain Pointe HS : LHP Phil Sims
Batting: LHB Mike O'Bryan 0-0: Ball
1-0: Ball
2-0: Ball
3-0: Called Strike
3-1: Called Strike
3-2: Base on Balls
Batting: SHB Stanley Ryan 0-0: Called Strike
0-1: Ball
1-1: Ball
2-1: Ball
3-1: Grounds into double play, 4-6-3 (Groundball, 4)
Batting: RHB George Gardner 0-0: Ball
1-0: Ball
2-0: Ball
3-0: Called Strike
3-1: Foul Ball, location: 2F
3-2: Base on Balls
Batting: RHB Bob Ferguson 0-0: Called Strike
0-1: Swinging Strike
0-2: Ball
1-2: Ball
2-2: SINGLE (Groundball, 4M)
George Gardner to second
Runner from 2nd tries for 3rd, SAFE, throw made to third
Batting: RHB Fred Moulds 0-0: Ground out 6-3 (Groundball, 6)
Bottom of the 4th over - 0 run(s), 1 hit(s), 0 error(s), 2 left on base; Mountain Pointe HS 5 - Temiskaming District Secondary School 4
TOP OF THE 5TH
Mountain Pointe HS batting - Pitching for Temiskaming District Secondary School Saints : LHP David Rodríguez
Batting: LHB Brian Turner 0-0: Called Strike
0-1: Foul Ball, location: 2F
0-2: Fly out, F7 (Flyball, 7S)
Batting: RHB Jon Newsome 0-0: Called Strike
0-1: Ball
1-1: Ball
2-1: Foul Ball, location: 2F
2-2: Foul Ball, location: 2F
2-2: Foul Ball, location: 2F
2-2: Fly out, F4 (Popup, 4MD)
Batting: RHB Monty Crawford 0-0: Called Strike
0-1: Foul Ball, location: 2F
0-2: Strikes out swinging
Top of the 5th over - 0 run(s), 0 hit(s), 0 error(s), 0 left on base; Mountain Pointe HS 5 - Temiskaming District Secondary School 4
BOTTOM OF THE 5TH
Temiskaming District Secondary School Saints batting - Pitching for Mountain Pointe HS : LHP Phil Sims
Batting: RHB Orlando González 0-0: Called Strike
0-1: Ball
1-1: Foul Ball, location: 2F
1-2: SINGLE (Line Drive, 78S)
Pitching: LHP Pedro Rodríguez
Batting: RHB Juan Encarnación 0-0: Called Strike
0-1: Swinging Strike
0-2: Strikes out swinging
Batting: RHB Víctor Pérez 0-0: Called Strike
0-1: SINGLE (Groundball, 56D)
Orlando González to second
Batting: RHB Glen French 0-0: Called Strike
0-1: Foul Ball, location: 2F
0-2: Strikes out swinging
Batting: LHB Mike O'Bryan 0-0: Called Strike
0-1: Ball
1-1: Swinging Strike
1-2: Ball
2-2: Ground out U3 (Groundball, 3S)
Bottom of the 5th over - 0 run(s), 2 hit(s), 0 error(s), 2 left on base; Mountain Pointe HS 5 - Temiskaming District Secondary School 4
TOP OF THE 6TH
Mountain Pointe HS batting - Pitching for Temiskaming District Secondary School Saints : LHP David Rodríguez
Batting: RHB Marshall Gross 0-0: Called Strike
0-1: Called Strike
0-2: Foul Ball, location: 2F
0-2: Ball
1-2: Ball
2-2: Ball
3-2: Base on Balls
Batting: RHB Ted Williamson 0-0: Called Strike
0-1: Ball
1-1: Swinging Strike
1-2: Strikes out looking
Batting: RHB Ben Wilson 0-0: 2-RUN HOME RUN (Flyball, 78XD), Distance : 430 ft
Batting: RHB John Howell 0-0: Ball
1-0: Ball
2-0: SINGLE (Flyball, 8RS)
Batting: RHB Jamie Swyers 0-0: Foul Ball, location: 2F
0-1: Ball
John Howell steals 2nd base
1-1: Swinging Strike
1-2: Ball
2-2: Foul Ball, location: 2F
2-2: Ground out 6-3 (Groundball, 6)
Batting: RHB Troy Legge 0-0: Called Strike
0-1: Called Strike
0-2: SINGLE (Groundball, 56D)
John Howell to third
Runner from 3rd tries for Home, SAFE, no throw or cutoff
Pitching: LHP George Bolden
Batting: LHB Brian Turner 0-0: Foul Ball, location: 2F
0-1: SINGLE (Flyball, 9LM)
Troy Legge to second
Runner from 2nd tries for 3rd, SAFE, throw made to third
Batting: RHB Jon Newsome 0-0: Called Strike
0-1: Ball
1-1: Ball
2-1: Ball
3-1: SINGLE (Groundball, 6D)
Troy Legge scores
Brian Turner to second
Batting: RHB Monty Crawford 0-0: SINGLE (Groundball, 6D)
Brian Turner to third
Jon Newsome to second
Runner from 3rd tries for Home, SAFE, no throw or cutoff
Batting: RHB Marshall Gross 0-0: Ball
1-0: Foul Ball, location: 2F
1-1: Foul Ball, location: 2F
1-2: Ball
Balk!
Jon Newsome to third
Monty Crawford to second
2-2: SINGLE (Groundball, 34)
Jon Newsome scores
Monty Crawford to third
Runner from 3rd tries for Home, SAFE, no throw or cutoff
Batting: RHB Ted Williamson 0-0: Ball
1-0: Called Strike
1-1: Called Strike
1-2: Strikes out swinging
Top of the 6th over - 7 run(s), 7 hit(s), 0 error(s), 1 left on base; Mountain Pointe HS 12 - Temiskaming District Secondary School 4
BOTTOM OF THE 6TH
Temiskaming District Secondary School Saints batting - Pitching for Mountain Pointe HS : LHP Pedro Rodríguez
Batting: SHB Stanley Ryan 0-0: Called Strike
0-1: Swinging Strike
0-2: Strikes out looking
Batting: RHB George Gardner 0-0: Ball
1-0: Ball
2-0: Ball
3-0: Base on Balls
Batting: RHB Bob Ferguson 0-0: Swinging Strike
0-1: Foul Ball, location: 2F
0-2: Strikes out looking
Batting: RHB Fred Moulds 0-0: Ball
1-0: Fielders Choice at 2nd, 6-4 (Groundball, 6)
Bottom of the 6th over - 0 run(s), 0 hit(s), 0 error(s), 0 left on base; Mountain Pointe HS 12 - Temiskaming District Secondary School 4
TOP OF THE 7TH
Mountain Pointe HS batting - Pitching for Temiskaming District Secondary School Saints : LHP George Bolden
Batting: RHB Ben Wilson 0-0: Called Strike
0-1: Ground out 6-3 (Groundball, 6)
Batting: RHB John Howell 0-0: Foul Ball, location: 2F
0-1: Ball
1-1: Swinging Strike
1-2: Fly out, F4 (Popup, 34)
Batting: RHB Jamie Swyers 0-0: Ball
1-0: Foul Ball, location: 2F
1-1: SINGLE (Line Drive, 89M)
Batting: RHB Troy Legge 0-0: Fly out, F9 (Flyball, 89S)
Top of the 7th over - 0 run(s), 1 hit(s), 0 error(s), 1 left on base; Mountain Pointe HS 12 - Temiskaming District Secondary School 4
BOTTOM OF THE 7TH
Temiskaming District Secondary School Saints batting - Pitching for Mountain Pointe HS : LHP Pedro Rodríguez
Pitching: LHP Carlos Ramos
Batting: RHB Orlando González 0-0: Ball
1-0: Swinging Strike
1-1: Ball
2-1: SOLO HOME RUN (Line Drive, 7D), Distance : 383 ft
Batting: RHB Juan Encarnación 0-0: Called Strike
0-1: Ball
1-1: Ball
2-1: DOUBLE (Line Drive, 7LS)
Batting: RHB Víctor Pérez 0-0: Called Strike
0-1: Swinging Strike
0-2: Ball
1-2: Strikes out looking
Batting: RHB Glen French 0-0: Foul Ball, location: 2F
0-1: Reached on error, E5 (Groundball, 56S)
Juan Encarnación to third
Batting: LHB Mike O'Bryan 0-0: Called Strike
0-1: SINGLE (Groundball, 13) (infield hit)
Juan Encarnación scores
Glen French to second
Batting: SHB Stanley Ryan 0-0: Ball
1-0: Foul Ball, location: 2F
1-1: Ball
2-1: Ball
3-1: Called Strike
3-2: Base on Balls
Glen French to third
Mike O'Bryan to second
Batting: RHB George Gardner 0-0: Foul Ball, location: 2F
0-1: Ball
1-1: Foul Ball, location: 2F
1-2: Ball
2-2: Strikes out looking
Batting: RHB Bob Ferguson 0-0: Swinging Strike
0-1: Ball
1-1: Ball
Wild Pitch!
Glen French scores
Mike O'Bryan to third
Stanley Ryan to second
2-1: Ball
3-1: Ground out 5-3 (Groundball, 5S)
Bottom of the 7th over - 3 run(s), 3 hit(s), 1 error(s), 2 left on base; Mountain Pointe HS 12 - Temiskaming District Secondary School 7
TOP OF THE 8TH
Mountain Pointe HS batting - Pitching for Temiskaming District Secondary School Saints : LHP George Bolden
Batting: LHB Brian Turner 0-0: Ball
1-0: Foul Ball, location: 2F
1-1: Ball
2-1: Ball
3-1: Base on Balls
Batting: RHB Jon Newsome 0-0: Grounds out, U3 (Groundball, 3L)
Batting: RHB Monty Crawford 0-0: Called Strike
0-1: Foul Ball, location: 2F
0-2: Ball
1-2: Fly out, F9 (Flyball, 4D)
Batting: RHB Marshall Gross 0-0: Ball
1-0: SINGLE (Line Drive, 6D)
Brian Turner to third
Runner from 3rd tries for Home, SAFE, no throw or cutoff
Pitching: RHP Philippe Sauriol
Batting: RHB Ted Williamson 0-0: Ball
1-0: Ball
Marshall Gross is caught stealing 2nd base
Top of the 8th over - 1 run(s), 1 hit(s), 0 error(s), 0 left on base; Mountain Pointe HS 13 - Temiskaming District Secondary School 7
BOTTOM OF THE 8TH
Temiskaming District Secondary School Saints batting - Pitching for Mountain Pointe HS : LHP Carlos Ramos
Batting: RHB Fred Moulds 0-0: Foul Ball, location: 2F
0-1: Ball
1-1: SINGLE (Line Drive, 34D)
Batting: RHB Orlando González 0-0: Called Strike
0-1: Ball
1-1: Foul Ball, location: 2F
1-2: Strikes out swinging
Batting: RHB Juan Encarnación 0-0: Called Strike
0-1: Ball
1-1: Fielders Choice at 2nd, 4-6 (Groundball, 4)
Batting: RHB Víctor Pérez 0-0: Called Strike
0-1: Called Strike
0-2: Foul Ball, location: 2F
0-2: Ground out U3 (Groundball, 3S)
Bottom of the 8th over - 0 run(s), 1 hit(s), 0 error(s), 1 left on base; Mountain Pointe HS 13 - Temiskaming District Secondary School 7
TOP OF THE 9TH
Mountain Pointe HS batting - Pitching for Temiskaming District Secondary School Saints : RHP Philippe Sauriol
Batting: RHB Ted Williamson 0-0: Ball
1-0: Ball
2-0: Called Strike
2-1: Foul Ball, location: 2F
2-2: Foul Ball, location: 2F
2-2: Foul Ball, location: 2F
2-2: Ball
3-2: SINGLE (Flyball, 89S)
Batting: RHB Ben Wilson 0-0: Ball
1-0: Swinging Strike
1-1: Foul Ball, location: 2F
1-2: Grounds into double play, 6-4-3 (Groundball, 56)
Batting: RHB John Howell 0-0: Ground out 4-3 (Groundball, 4)
Top of the 9th over - 0 run(s), 1 hit(s), 0 error(s), 0 left on base; Mountain Pointe HS 13 - Temiskaming District Secondary School 7
BOTTOM OF THE 9TH
Temiskaming District Secondary School Saints batting - Pitching for Mountain Pointe HS : LHP Carlos Ramos
Batting: RHB Glen French 0-0: Called Strike
0-1: Ball
1-1: SINGLE (Groundball, 34D) (infield hit)
Batting: LHB Mike O'Bryan 0-0: Ball
1-0: Fielders Choice at 2nd, 3-6 (Groundball, 3)
Pitching: RHP Curt Cremen
Batting: SHB Stanley Ryan 0-0: Ball
1-0: Called Strike
1-1: Ball
2-1: Foul Ball, location: 2F
2-2: Foul Ball, location: 2F
2-2: Strikes out swinging
Batting: RHB George Gardner 0-0: Called Strike
0-1: Ground out 6-3 (Groundball, 6)
Bottom of the 9th over - 0 run(s), 1 hit(s), 0 error(s), 1 left on base; Mountain Pointe HS 13 - Temiskaming District Secondary School 7
This league is powered by Out of the Park Baseball, the baseball management simulation game for PC, Mac and Linux
Saturday, April 9th, 2016 - OOTP Baseball 16.8 Build 38